 Dungeon Crawl Stone Soup version 0.21.1-1-g345015fe64 (webtiles) character file.

815 Peloso the Shield-Bearer (level 8, -3/61 HPs)
             Began as a Formicid Fighter on May 1, 2018.
             Killed by nerve-wracking pain
             ... invoked by an orc priest
              (9 damage)
             ... on level 5 of the Dungeon.
             The game lasted 00:05:30 (2753 turns).

Peloso the Shield-Bearer (Formicid Fighter)         Turns: 2753, Time: 00:05:31

Health: -3/61      AC: 13    Str: 23    XL:     8   Next: 16%
Magic:  8/8        EV:  6    Int:  9    God:
Gold:   131        SH: 10    Dex: 11    Spells: 7/7 levels left

rFire    . . .     SeeInvis +   a - +0 long sword
rCold    + . .     Gourm    .   c - +0 shield
rNeg     . . .     Faith    .   o - +0 plate armour
rPois    .         Spirit   .   (helmet unavailable)
rElec    .         Reflect  .   (no cloak)
rCorr    .         Harm     .   r - +0 pair of gloves (curse)
MR       .....                  (no boots)
Stlth    ..........             (no amulet)
HPRegen  0.20/turn              m - ring of protection from cold
MPRegen  0.11/turn              q - +2 ring of strength

@: no status effects
A: permanent stasis, dig shafts and tunnels, four strong arms, antennae 3
a: Dig, Shaft Self


You were on level 5 of the Dungeon.
You were hungry.

You visited 1 branch of the dungeon, and saw 4 of its levels.

You collected 131 gold pieces.

Inventory:

Hand Weapons
 a - a +0 long sword (weapon)
Armour
 c - a +0 shield (worn)
 o - a +0 plate armour (worn)
 r - a cursed +0 pair of gloves (worn)
Jewellery
 m - a ring of protection from cold (left hand)
 q - a +2 ring of strength (right hand)
Scrolls
 b - a scroll of fear {unknown}
 e - 4 scrolls of remove curse {unknown}
 h - a scroll of amnesia {unknown}
 k - 3 scrolls of identify {unknown}
 l - a scroll of teleportation {unknown}
 p - a scroll of noise {unknown}
 s - a scroll of random uselessness {unknown}
 t - a scroll of magic mapping {unknown}
 u - a scroll of enchant weapon {unknown}
Potions
 d - a potion of might
 g - a potion of curing {unknown}
 i - 3 potions of heal wounds
 j - a potion of invisibility {unknown}
 n - a potion of lignification {unknown}
Comestibles
 f - 7 rations


   Skills:
 + Level 4.7 Fighting
 + Level 6.0 Long Blades
 + Level 4.8 Armour
 + Level 1.0 Dodging
 + Level 0.8 Stealth
 + Level 6.2 Shields


You had 7 spell levels left.
You didn't know any spells.

Dungeon Overview and Level Annotations

Branches:
Dungeon (3/15)

Altars:
Ashenzari
Ru


Innate Abilities, Weirdness & Mutations

You cannot be hasted, slowed, berserked, paralysed or teleported.
You can dig through walls and to a lower floor.
Your four strong arms can wield two-handed weapons with a shield.
You have a pair of large antennae on your head. (SInv)


Message History

Unknown command.
You barely miss the orc priest. You block the orc priest's attack.
You hit the orc priest but do no damage.
The orc priest hits you but does no damage.
You slash the orc priest!
The orc priest is heavily wounded.
The orc priest hits you but does no damage.
You are electrocuted!
* * * LOW HITPOINT WARNING * * *
You block the orc priest's attack.
You barely miss the orc priest.
The orc priest is heavily wounded.
The orc priest calls down the wrath of Beogh upon you.
Beogh smites you!
* * * LOW HITPOINT WARNING * * *
You hit the orc priest.
The orc priest is severely wounded.
The orc priest invokes the aid of Beogh against you.
Pain shoots through your body!
You die...

... .. ... Z..
#.####...
#.......Z #
#........ #..#
#........ .
#.#.#..........
.##...#.####.....
.........@o.#
###...#.#####
###.#.#.#######
........#.....#
#####...#.....#
#...#.....#
####...#.....#
#.....>......#
#............#


You could see an orc priest.

Vanquished Creatures
  The ghost of Peloso the Slasher, an amateur MiAK of Lugonu (D:5)
  A sky beast (D:5)
  A centaur (D:5)
  An ogre (D:5)
  2 crimson imps (D:5)
  2 bullfrog zombies (D:5)
  A jelly (D:5)
  2 orc wizards
  A bullfrog skeleton (D:3)
  4 adders
  2 dart slugs
  2 leopard geckos
  6 orcs
  2 giant cockroaches (D:1)
  6 hobgoblins
  8 kobolds
  2 quokkas (D:5)
  2 ball pythons
  3 bats
  3 frilled lizards
  5 goblins
  7 rats
64 creatures vanquished.

Vanquished Creatures (others)
  A sky beast (D:5)
1 creature vanquished.

Grand Total: 65 creatures vanquished

Notes
Turn   | Place    | Note
-------+----------+-------------------------------------------
     0 | D:1      | Peloso the Formicid Fighter began the quest for the Orb.
     0 | D:1      | Reached XP level 1. HP: 18/18 MP: 1/1
   219 | D:1      | Reached XP level 2. HP: 24/24 MP: 2/2
   571 | D:1      | Reached XP level 3. HP: 29/29 MP: 3/3
   932 | D:2      | Found a shattered altar of Ashenzari.
   995 | D:2      | Found a sacrificial altar of Ru.
  1021 | D:2      | Reached XP level 4. HP: 28/37 MP: 4/4
  1879 | D:3      | Reached XP level 5. HP: 40/42 MP: 5/5
  2357 | D:3      | You fall through a shaft for 2 floors!
  2357 | D:5      | Entered Level 5 of the Dungeon
  2418 | D:5      | Noticed Peloso's ghost (amateur MiAK)
  2420 | D:5      | Noticed an ogre
  2432 | D:5      | Killed Peloso's ghost
  2432 | D:5      | Reached skill level 1 in Dodging
  2432 | D:5      | Reached skill level 5 in Shields
  2432 | D:5      | Reached XP level 6. HP: 34/48 MP: 6/6
  2432 | D:5      | Reached XP level 7. HP: 39/54 MP: 7/7
  2435 | D:5      | Reached skill level 5 in Long Blades
  2718 | D:5      | Reached XP level 8. HP: 31/61 MP: 8/8
  2737 | D:5      | HP: 3/61 [orc priest/divine providence (11)]
  2753 | D:5      | Killed from afar by an orc priest

Skill      XL: |  1  2  3  4  5  6  7  8 |
---------------+-------------------------+-----
Shields        | 4 5 6 |  6.2
Long Blades    | 3 4 5 6 |  6.0
Fighting       | 4 |  4.7
Armour         | 4 |  4.8
Dodging        | 1 |  1.0
Stealth        | |  0.8

Action                   |  1- 3 |  4- 6 |  7- 9 || total
-------------------------+-------+-------+-------++-------
Melee: Long sword        |   110 |   106 |    79 ||   295
 Abil: Dig               |     2 |       |       ||     2
  Use: Potion            |       |     2 |     1 ||     3
 Stab: Paralysed         |     1 |       |       ||     1
  Eat: Chunk             |       |     5 |     1 ||     6
Armor: Scale mail        |    43 |     2 |       ||    45
       Plate armour      |       |    47 |    37 ||    84
Dodge: Dodged            |    38 |    28 |    18 ||    84
Block: Shield            |    55 |    68 |    41 ||   164
       Rpst.: Long sword |    12 |    11 |     8 ||    31
